 Dungeon Crawl Stone Soup version 0.28.0-53-g5a82cb258f (webtiles) character file.

Game seed: 16865575924245059868

47 cbfl8 the Skirmisher (level 3, -1/35 HPs)
             Began as a Minotaur Abyssal Knight on July 17, 2022.
             Was a Follower of Lugonu.
             Slain by a gnoll
             ... wielding a +0 flail
              (3 damage)
             ... on level 2 of the Dungeon.
             The game lasted 00:01:03 (1388 turns).

cbfl8 the Skirmisher (Minotaur Abyssal Knight)      Turns: 1388, Time: 00:01:04

Health: -1/35      AC:  3    Str: 17    XL:     3   Next: 48%
Magic:  3/3        EV: 11    Int:  7    God:    Lugonu [*.....]
Gold:   60         SH:  0    Dex: 12    Spells: 2/2 levels left

rFire   . . .      SeeInvis .   a - +1 hand axe
rCold   . . .      Faith    .   (no shield)
rNeg    . . .      Spirit   .   b - +0 leather armour
rPois   .          Reflect  .   (helmet restricted)
rElec   .          Harm     .   (no cloak)
rCorr   .          Rampage  .   (no gloves)
Will    .....                   (no boots)
Stlth   +.........              (no amulet)
HPRegen 0.11/turn               (no ring)
MPRegen 0.08/turn               (no ring)

@: about to teleport
A: horns 2, retaliatory headbutt
a: Renounce Religion, Depart the Abyss


You were on level 2 of the Dungeon.
You worshipped Lugonu.
Lugonu was aware of your devotion.
You visited 1 branch of the dungeon, and saw 2 of its levels.
You visited the Abyss 1 time.

You collected 60 gold pieces.

Inventory:

Hand Weapons
 a - a +1 hand axe (weapon)
Armour
 b - a +0 leather armour (worn)
Jewellery
 h - a +4 ring of slaying
Scrolls
 c - a scroll of vulnerability {unknown}
 f - a scroll of enchant weapon {unknown}
 g - a scroll of summoning {unknown}
 i - a scroll of enchant armour {unknown}
 j - a scroll of silence {unknown}
 l - a scroll of identify {unknown}
Potions
 d - a potion of heal wounds {unknown}
 e - a potion of lignification {unknown}
 m - a potion of attraction {unknown}


   Skills:
 + Level 4.9 Fighting
 + Level 3.0 Axes
 + Level 2.6 Armour
 + Level 1.4 Dodging
 + Level 1.9 Invocations


You had 2 spell levels left.
You didn't know any spells.
Your spell library contained the following spells:

 Spells                   Type           Power      Damage    Failure   Level
 Animate Skeleton         Necr           0%         N/A       50%         1
 Apportation              Tloc           0%         N/A       50%         1
 Summon Small Mammal      Summ           0%         N/A       50%         1


Dungeon Overview and Level Annotations

Branches:
Dungeon (2/15)

Altars:
Cheibriados


Innate Abilities, Weirdness & Mutations

You have a pair of horns on your head.
You reflexively headbutt those who attack you in melee.


Message History

Key pressed, stopping explore.
No target in view!
l - a scroll labelled HIYPHI QEVAI No target in view!
Items here: ( )) ††.
m - a coppery potion No target in view!
Found a spear.
No target in view!
You now have 60 gold pieces (gained 9).
A worm comes into view.
A gnoll comes into view. It is wielding a +0 spear.
A gnoll comes into view. It is wielding a +0 flail.
There are monsters nearby!
A gnoll comes into view. It is wielding a +0 club.
The gnoll shouts! x3
There are monsters nearby!
A bat comes into view.
Found 21 bolts.
There are monsters nearby!
Found a smoky red potion.
Found a stone staircase leading down.
The bat hits you. The gnoll hits you with a +0 spear!
You barely miss the gnoll. Your headbutt misses the gnoll. You hit the worm.
The bat hits you but does no damage. The gnoll hits you with a +0 spear.
There are monsters nearby!
You hit the worm. You headbutt the worm!
The worm is almost dead.
You hit the gnoll but do no damage. You hit the gnoll.
The bat hits you but does no damage. The gnoll hits you with a +0 spear!
The worm bites you. The gnoll hits you but does no damage.
The gnoll hits you with a +0 spear.
* * * LOW HITPOINT WARNING * * *
Okay, then.
Okay, then.
As you read the scroll labelled URCHOKA LOCLIF, it crumbles to dust.
You feel strangely unstable.
It was a scroll of teleportation.
The bat hits you but does no damage. The gnoll hits you with a +0 club.
* * * LOW HITPOINT WARNING * * *
The worm misses you. The gnoll hits you with a +0 flail.
You die...

###### ##### ##.....##
)..# ##.......#
#.######.........
#..........b.....
##...............>
#######..######.@g......
........## #gwg......
.......## #.........
.......### #.........
.......... #.......(.
.))....##.. #.........
#..##### # .........!
..## ##.......# .##


You could see a worm, 3 gnolls and a bat.

Vanquished Creatures
  3 dart slugs (D:1)
  3 endoplasms (D:1)
  A giant cockroach (D:1)
  3 goblins (D:1)
  6 hobgoblins (D:1)
  3 jackals (D:1)
  A quokka (D:2)
  4 ball pythons
  2 bats (D:1)
  3 frilled lizards (D:1)
  8 kobolds
  3 rats
40 creatures vanquished.

Notes
Turn   | Place    | Note
-------+----------+-------------------------------------------
     0 | Abyss:1  | cbfl8 the Minotaur Abyssal Knight began the quest for the
                  | Orb.
     0 | Abyss:1  | Reached XP level 1. HP: 19/19 MP: 1/1
     8 | D:1      | Escaped the Abyss
   230 | D:1      | Reached skill level 4 in Fighting
   336 | D:1      | Found a snail-covered altar of Cheibriados.
   339 | D:1      | Reached XP level 2. HP: 27/27 MP: 2/2
   341 | D:1      | Reached * piety under Lugonu
   732 | D:1      | Reached XP level 3. HP: 34/35 MP: 3/3
  1388 | D:2      | Slain by a gnoll

Illustrated notes

Levels and vault maps discovered:
D:1:      enne_arrival_octagon_isle, layout_loops_ring, minmay_misc_feat_plants,
          minmay_hexomino_r4
D:2:      layout_rooms, basic_altar

Skill      XL: |  1  2  3 |
---------------+----------+-----
Fighting       | 4 |  4.9
Axes           | 3 |  3.0
Armour         | |  2.6
Dodging        | |  1.4
Invocations    | |  1.9

Action                   || total
-------------------------++-------
Melee: Hand axe          ||    77
       Headbutt          ||    12
       Punch             ||     1
Invok: Depart the Abyss  ||     1
  Use: Scroll            ||     1
 Stab: Sleeping          ||     1
Armor: Leather armour    ||    23
Dodge: Dodged            ||    36
